 Dungeon Crawl Stone Soup version 0.22.0-6-g71bd7aa (webtiles) character file.

1938 mopl the Geomancer (level 8, -6/41 HPs)
             Began as a Deep Elf Earth Elementalist on Aug 14, 2018.
             Was an Initiate of Vehumet.
             Mangled by an orc warrior
             ... wielding a +10 mace
              (27 damage)
             ... on level 6 of the Dungeon.
             The game lasted 00:13:15 (6080 turns).

mopl the Geomancer (Deep Elf Earth Elementalist)    Turns: 6080, Time: 00:13:15

Health: -6/41      AC:  7    Str:  5    XL:     8   Next: 97%
Magic:  30/30      EV: 13    Int: 23    God:    Vehumet [......]
Gold:   484        SH:  2    Dex: 15    Spells: 7/22 levels left

rFire    . . .     SeeInvis .   n - +0 short sword (curse)
rCold    . . .     Gourm    .   (no shield)
rNeg     + . .     Faith    .   u - +2 robe {rN+}
rPois    .         Spirit   .   w - +0 helmet
rElec    .         Reflect  +   o - +0 cloak
rCorr    .         Harm     .   F - +0 pair of gloves
MR       .....                  (no boots)
Stlth    +++.......             L - +2 amulet of reflection
HPRegen  0.13/turn              h - ring of magical power
MPRegen  0.22/turn              A - ring of stealth

@: no status effects
A: no striking features
a: Renounce Religion


You were on level 6 of the Dungeon.
You worshipped Vehumet.
Vehumet was noncommittal.
You were very hungry.

You visited 2 branches of the dungeon, and saw 7 of its levels.

You collected 484 gold pieces.

Inventory:

Hand Weapons
 e - a +0 dagger
 k - a +3 quarterstaff of chaos
 n - a cursed +0 short sword (weapon)
 z - a +2 dagger of draining
Missiles
 b - 121 stones (quivered)
 m - 8 needles of frenzy
 x - 14 poisoned needles
 E - 6 tomahawks
Armour
 o - a +0 cloak (worn)
 u - a +2 robe of positive energy (worn)
 w - a +0 helmet (worn)
 F - a +0 pair of gloves (worn)
 N - +0 ice dragon scales
Jewellery
 g - an uncursed ring of see invisible
 h - a ring of magical power (left hand)
 A - a ring of stealth (right hand)
 L - a +2 amulet of reflection (around neck)
Wands
 c - a wand of polymorph (12)
 v - a wand of scattershot (2)
 G - a wand of acid (26)
Scrolls
 i - 2 scrolls of immolation {unknown}
 j - 2 scrolls of noise {unknown}
 l - a scroll of enchant armour {unknown}
 q - 4 scrolls of teleportation {unknown}
 t - a scroll of amnesia {unknown}
 y - a scroll of remove curse {unknown}
 B - a scroll of blinking {unknown}
 H - 2 scrolls of fog {unknown}
 I - 2 scrolls of magic mapping {unknown}
 M - a scroll of enchant weapon {unknown}
Potions
 a - a potion of berserk rage {!q}
 p - 6 potions of curing {unknown}
 r - 3 potions of heal wounds
 s - a potion of brilliance
 D - a potion of agility
 J - a potion of invisibility
 K - a potion of magic {unknown}
Comestibles
 d - 10 rations


   Skills:
 - Level 2.4 Dodging
 - Level 2.4 Stealth
 + Level 7.6 Spellcasting
 + Level 5.4 Conjurations
 - Level 5.0 Transmutations
 * Level 9.1 Earth Magic


You had 7 spell levels left.
You knew the following spells:

 Your Spells              Type           Power        Failure   Level  Hunger
a - Sandblast             Erth           ######       1%          1    None
b - Stone Arrow           Conj/Erth      #####.       1%          3    None
c - Petrify               Tmut/Erth      #####...     4%          4    ###....
k - Lee's Rapid Deconstr  Erth           ######....   4%          5    #####..
p - Passwall              Tmut/Erth      #####...     1%          2    None

Your spell library contained the following spells:

 Spells                   Type           Power        Failure   Level  Hunger


Dungeon Overview and Level Annotations

Branches:
Dungeon (6/15)             Temple (1/1) D:6

Altars:
Ashenzari
Cheibriados
Dithmenos
Fedhas
Gozag
Kikubaaqudgha
Makhleb
Nemelex Xobeh
Okawaru
Sif Muna
Uskayaw
Vehumet
Xom
Yredelemnul
Zin
The Shining One
Beogh

Annotations:
D:5 Sqgman's ghost, novice CeMo


Message History

There is a stone staircase leading down here.
Okay, then.
There is a stone staircase leading down here.
You start resting.
You are feeling very hungry.
You start resting.
Magic restored.
You start resting.
HP restored.
You climb downwards.
Level annotation: Sqgman's ghost, novice CeMo
There is a stone staircase leading up here.
Done exploring.
There is a stone staircase leading down here.
You climb downwards.
The orc warrior hits you with an enchanted mace!
The orc warrior hits you with a flail.
The orc warrior hits you with an enchanted mace!!
Ouch! That really hurt!
You die...

.o.W..''........# ##.#.#
......##........# #.#.#
#####.##........# ###### #...#
########........# #....# ##..#
##.## #.........# #....#####.>#
##..####........# #....##.###.#
##...#######....# #....##...).#
##....######...o###....##.#..##
.#..#......#....@.........#..#
_..#######.'...o#.#..........#
.#..#......#..###.#...!......#
##....######..###.#.......#.##
##...#######..+.........###.#
##..####......##............#
##.####.......##.####.####..#
#### #...>....##.##.....##..#
### #........##.#.......#..#


You could see 2 orc warriors.

Vanquished Creatures
  A hornet (D:6)
  Eustachio (D:5)
  Menkaure (D:5)
  Edmund (D:5)
  Duvessa (D:4)
  A sky beast (D:5)
  2 ogres (D:4)
  A centaur (D:5)
  Dowan (D:4)
  A scorpion (D:6)
  A howler monkey (D:5)
  3 crimson imps
  6 hounds
  An orc priest (D:4)
  2 orc wizards (D:4)
  Crazy Yiuf (D:2)
  Ijyb (D:4)
  A bullfrog skeleton (D:4)
  A centaur skeleton (D:4)
  An iguana (D:6)
  3 worker ants
  Robin (D:4)
  5 adders
  3 shadow imps
  6 dart slugs
  2 leopard geckos
  12 orcs
  4 bats
  7 giant cockroaches
  21 goblins
  10 hobgoblins
  10 jackals
  2 quokkas (D:3)
  2 ball pythons
  5 frilled lizards
  6 kobolds
  A leopard gecko skeleton (D:4)
  4 rats
133 creatures vanquished.

Vanquished Creatures (others)
  Sigmund (D:2)
  An adder (D:2)
  A jackal (D:2)
  A frilled lizard (D:2)
4 creatures vanquished.

Grand Total: 137 creatures vanquished

Notes
Turn   | Place    | Note
-------+----------+-------------------------------------------
     0 | D:1      | mopl the Deep Elf Earth Elementalist began the quest for the Orb.
     0 | D:1      | Reached XP level 1. HP: 10/10 MP: 6/6
    53 | D:1      | Reached XP level 2. HP: 14/15 MP: 5/8
   138 | D:1      | Reached skill level 4 in Earth Magic
   407 | D:1      | Learned a level 2 spell: Passwall
   430 | D:1      | Reached XP level 3. HP: 15/19 MP: 10/10
   438 | D:1      | Learned a level 3 spell: Stone Arrow
   718 | D:2      | Killed Sigmund
  1021 | D:2      | Found a runed door.
  1228 | D:2      | Found a glowing golden altar of the Shining One.
  1515 | D:2      | Noticed Crazy Yiuf
  1517 | D:2      | Killed Crazy Yiuf
  1517 | D:2      | Reached skill level 4 in Spellcasting
  1517 | D:2      | Reached skill level 1 in Conjurations
  1517 | D:2      | Reached XP level 4. HP: 24/24 MP: 12/12
  1532 | D:2      | Learned a level 4 spell: Petrify
  1805 | D:3      | Found an ancient bone altar of Kikubaaqudgha.
  1813 | D:3      | Reached skill level 5 in Earth Magic
  1868 | D:3      | Reached skill level 2 in Transmutations
  1949 | D:3      | Reached XP level 5. HP: 20/28 MP: 13/13
  2436 | D:4      | Found a snail-covered altar of Cheibriados.
  2451 | D:4      | Noticed Robin
  2474 | D:4      | Reached skill level 2 in Conjurations
  2477 | D:4      | Killed Robin
  2578 | D:4      | Noticed Dowan
  2584 | D:4      | Noticed Duvessa
  2611 | D:4      | Killed Duvessa
  2611 | D:4      | Reached XP level 6. HP: 5/32 MP: 14/15
  2877 | D:4      | Killed Dowan
  2877 | D:4      | Reached skill level 5 in Spellcasting
  2877 | D:4      | Reached skill level 6 in Earth Magic
  2956 | D:4      | Reached skill level 3 in Transmutations
  2989 | D:4      | Reached skill level 3 in Conjurations
  2989 | D:4      | Reached XP level 7. HP: 32/36 MP: 17/17
  3000 | D:4      | Learned a level 5 spell: Lee's Rapid Deconstruction
  3507 | D:4      | Noticed Ijyb
  3511 | D:4      | Killed Ijyb
  3514 | D:4      | Reached skill level 7 in Earth Magic
  3587 | D:4      | Reached skill level 6 in Spellcasting
  3796 | D:5      | Entered Level 5 of the Dungeon
  3828 | D:5      | Noticed Eustachio
  3832 | D:5      | Noticed Edmund
  3834 | D:5      | Killed Eustachio
  3834 | D:5      | Reached skill level 4 in Conjurations
  3834 | D:5      | Reached skill level 4 in Transmutations
  3849 | D:5      | Noticed Menkaure
  3870 | D:5      | Killed Edmund
  3870 | D:5      | Reached XP level 8. HP: 18/41 MP: 1/19
  4190 | D:5      | Killed Menkaure
  4190 | D:5      | Reached skill level 8 in Earth Magic
  4257 | D:5      | Found a burning altar of Makhleb.
  4299 | D:5      | Found a blossoming altar of Fedhas.
  4345 | D:5      | Found a hide-covered altar of Uskayaw.
  4365 | D:5      | Reached skill level 7 in Spellcasting
  4586 | D:6      | Reached skill level 5 in Transmutations
  4607 | D:6      | Found a shimmering altar of Xom.
  4651 | D:6      | Noticed a hornet
  4659 | D:6      | Paralysed by a hornet for 1 turns
  4661 | D:6      | Killed a hornet
  4661 | D:6      | Reached skill level 5 in Conjurations
  5065 | D:6      | Found a staircase to the Ecumenical Temple.
  5074 | Temple   | Entered the Ecumenical Temple
  5181 | Temple   | Became a worshipper of Vehumet
  5318 | D:6      | Found a deep blue altar of Sif Muna.
  5410 | D:6      | Found a glowing golden altar of the Shining One.
  5441 | D:6      | Reached skill level 9 in Earth Magic
  5461 | D:6      | Found a runed gate.
  5461 | D:6      | Found a runed gate.
  5461 | D:6      | Found a runed gate.
  5461 | D:6      | Noticed Sqgman's ghost (novice CeMo)
  5761 | D:6      | Found a roughly hewn altar of Beogh.
  6080 | D:6      | Mangled by an orc warrior

Skill      XL: |  1  2  3  4  5  6  7  8 |
---------------+-------------------------+-----
Earth Magic    | 4 5 6 7 9 |  9.1
Spellcasting   | 4 5 6 7 |  7.6
Conjurations   | 1 2 3 4 5 |  5.4
Transmutations | 2 3 4 5 |  5.0
Dodging        | |  2.4
Stealth        | |  2.4

Action                   |  1- 3 |  4- 6 |  7- 9 || total
-------------------------+-------+-------+-------++-------
Melee: Dagger            |    85 |       |       ||    85
       Short sword       |     7 |    33 |    24 ||    64
 Cast: Sandblast         |    28 |    55 |    80 ||   163
       Stone Arrow       |    14 |    16 |    10 ||    40
       Lee's Rapid Decon |       |       |     2 ||     2
       Petrify           |       |       |    10 ||    10
  Use: Scroll            |       |       |     6 ||     6
 Stab: Sleeping          |     5 |     3 |     4 ||    12
       Petrified         |       |       |     3 ||     3
  Eat: Chunk             |     3 |     6 |     9 ||    18
Armor: Robe              |    18 |     6 |    21 ||    45
Dodge: Dodged            |    80 |    52 |    41 ||   173
Block: Other             |       |       |     1 ||     1
